 Dungeon Crawl Stone Soup version 0.29.1-13-g9f3cf754e1 (webtiles) character file.

Game seed: 17661172475512035758

277 retardedninja the Covered (level 6, -1/56 HPs)
             Began as a Minotaur Fighter on Jan 19, 2023.
             Slain by an ogre
             ... wielding a +0 giant club
              (19 damage)
             ... on level 4 of the Dungeon.
             The game lasted 00:02:50 (2896 turns).

retardedninja the Covered (Minotaur Fighter)        Turns: 2896, Time: 00:02:51

Health: -1/56      AC:  7    Str: 22    XL:     6   Next: 4%
Magic:  5/5        EV:  9    Int:  5    God:
Gold:   198        SH:  5    Dex: 10    Spells: 5/5 levels left

rFire   . . .      SeeInvis .   a - +0 war axe
rCold   . . .      Faith    .   c - +0 buckler
rNeg    . . .      Spirit   .   b - +0 scale mail
rPois   .          Reflect  .   (helmet restricted)
rElec   .          Harm     .   (no cloak)
rCorr   .          Rampage  .   (no gloves)
Will    .....                   (no boots)
Stlth   ..........              (no amulet)
HPRegen 0.18/turn               (no ring)
MPRegen 0.09/turn               (no ring)

@: mighty
A: horns 2, retaliatory headbutt
a: no special abilities


You were on level 4 of the Dungeon.
You visited 1 branch of the dungeon, and saw 4 of its levels.

You collected 198 gold pieces.

Inventory:

Hand Weapons
 a - a +0 war axe (weapon)
Armour
 b - a +0 scale mail (worn)
 c - a +0 buckler (worn)
Jewellery
 r - a ring of protection from cold
Wands
 k - a wand of charming (9)
 q - a wand of mindburst (13)
Scrolls
 e - 5 scrolls of identify {unknown}
 g - a scroll of enchant weapon {unknown}
 l - 3 scrolls of magic mapping {unknown}
 n - a scroll of fog {unknown}
 s - a scroll of torment {unknown}
 t - 2 scrolls of acquirement {unknown}
 u - a scroll of fear {unknown}
 v - a scroll of blinking {unknown}
Potions
 f - 3 potions of flight {unknown}
 h - 2 potions of curing {unknown}
 i - 2 potions of magic {unknown}
 j - a potion of haste {unknown}
 m - a potion of degeneration {unknown}
 o - 2 potions of attraction {unknown}
 p - 3 potions of heal wounds {unknown}


   Skills:
 + Level 5.1 Fighting
 + Level 4.3 Axes
 + Level 5.1 Armour
 + Level 5.1 Shields


You had 5 spell levels left.
You didn't know any spells.
Your spell library contained the following spells:

 Spells                   Type           Power      Damage    Failure   Level
 Summon Small Mammal      Summ           0%         N/A       86%         1
 Static Discharge         Conj/Air       0%         3-3/arc   95%         2
 Call Canine Familiar     Summ           0%         N/A       99%         3
 Stone Arrow              Conj/Erth      0%         3d7       99%         3
 Summon Guardian Golem    Hex/Summ       0%         N/A       99%         3
 Animate Armour           Summ/Erth      0%         N/A       100%        4
 Dispel Undead            Necr           0%         3d6       100%        4
 Sticky Flame             Conj/Fire      0%         2d3       100%        4
 Lehudib's Crystal Spear  Conj/Erth      0%         10d2      100%        8


Dungeon Overview and Level Annotations

Branches:
Dungeon (4/15)
 Temple: D:4-7

Altars:
Sif Muna


Innate Abilities, Weirdness & Mutations

You have a pair of horns on your head.
You reflexively headbutt those who attack you in melee.


Message History

You slash the goblin!
You kill the goblin!
You block the phantom's attack.
Unknown command.
You hit the phantom.
The phantom is almost destroyed.
The phantom closely misses you. You furiously retaliate!
You headbutt the phantom.
You destroy the phantom!
Your Fighting skill increases to level 5!
Your Armour skill increases to level 5!
Your Shields skill increases to level 5!
You have reached level 6!
You start resting.
HP restored.
You start waiting.
Found a leather armour.
You start waiting.
Key pressed, stopping explore.
You now have 198 gold pieces (gained 13).
Key pressed, stopping explore.
Key pressed, stopping explore.
An ogre comes into view. It is wielding a +0 giant club.
The ogre shouts!
An ogre is nearby!
An ogre is nearby!
An ogre is nearby!
An orc comes into view. It is wielding a +0 hand axe.
The orc shouts!
The ogre hits you with a +0 giant club!!
There are monsters nearby!
You are too injured to fight recklessly!
You feel very mighty all of a sudden.
You hit the ogre. You headbutt the ogre!
The ogre is severely wounded.
The ogre hits you with a +0 giant club!
You hit the ogre.
The ogre is severely wounded.
The ogre hits you with a +0 giant club!!
You die...

...............r.
.#...........≈
.......##...(.....
#.......#..#≈ ..#.....
........## ##..)..##...≈
.###.... ..........
............≈ .# ..#.
.........####.##.......≈
#. ..........# ##
###.#...≈ #...o.....#
####..≈ ......O...##
##..... .......@...##
###......
............####....##..
.................#..#...
.##........#.#...#.##...
#........# #..######.#
##........###...# ###
#.......###....##
###......#...###
#..........##


You could see an ogre and an orc.

Vanquished Creatures
  A phantom (D:4)
  2 hounds (D:4)
  An iguana (D:3)
  3 adders
  2 dart slugs
  5 orcs (D:3)
  5 ball pythons
  3 bats
  6 endoplasms
  4 giant cockroaches
  8 goblins
  8 hobgoblins
  12 jackals
  8 kobolds
  2 quokkas
  3 frilled lizards
  4 rats
77 creatures vanquished.

Notes
Turn   | Place    | Note
-------+----------+-------------------------------------------
     0 | D:1      | retardedninja the Minotaur Fighter began the quest for the
                  | Orb.
     0 | D:1      | Reached XP level 1. HP: 19/19 MP: 0/0
   279 | D:1      | Reached XP level 2. HP: 18/27 MP: 1/1
   650 | D:1      | Found a faded altar of an unknown god.
  1074 | D:2      | Found a shimmering blue altar of Sif Muna.
  1081 | D:2      | Reached XP level 3. HP: 32/33 MP: 2/2
  1501 | D:3      | Reached XP level 4. HP: 40/40 MP: 3/3
  2037 | D:3      | Identified the +6 trident "Yplash" {vorpal, *Corrode rF+
                  | Int+4}
  2429 | D:4      | Reached XP level 5. HP: 47/47 MP: 4/4
  2697 | D:4      | Noticed a phantom
  2713 | D:4      | Killed a phantom
  2714 | D:4      | Reached skill level 5 in Fighting
  2714 | D:4      | Reached skill level 5 in Armour
  2714 | D:4      | Reached skill level 5 in Shields
  2714 | D:4      | Reached XP level 6. HP: 43/56 MP: 5/5
  2896 | D:4      | Slain by an ogre

Illustrated notes

Levels and vault maps discovered:
D:1:      kennysheep_arrival_seaside, layout_loops_ring,
          hellmonk_ecumenical_altar_inner_sanctum, serial_glass,
          glass_columns_c, glass_columns_b, minmay_strange_pillars,
          due_unseen_surprise, minmay_strange_pillars, feat_on_display,
          st_stairs_7
D:2:      layout_basic, basic_altar, minivault_24
D:3:      layout_loops_ring, minmay_stone_trees_small, minivault_27, minivault_5
D:4:      layout_cave_pools, serial_rivers, chequers_serial_rivers_micro_a,
          chequers_serial_rivers_large_b, chequers_serial_rivers_marsh,
          chequers_serial_rivers_micro_a, chequers_serial_rivers_micro_e,
          chequers_serial_rivers_small_3, grunt_ministairs_10

Skill      XL: |  1  2  3  4  5 |
---------------+----------------+-----
Armour         | 4 5 |  5.1
Fighting       | 4 5 |  5.1
Shields        | 4 5 |  5.1
Axes           | 3 4 |  4.3

Action                   |  1- 3 |  4- 6 || total
-------------------------+-------+-------++-------
Melee: War axe           |    76 |    83 ||   159
       Headbutt          |     9 |    13 ||    22
  Use: Potion            |       |     1 ||     1
Armor: Scale mail        |    34 |    30 ||    64
Dodge: Dodged            |    43 |    39 ||    82
Block: Buckler           |    26 |    28 ||    54
